 Dungeon Crawl Stone Soup version 0.31-a0-237-g2d982f9f85 (webtiles) character file.

Game seed: 6910285807252306424

106 qw the Shooter (level 4, -3/26 HPs)
             Began as a Gargoyle Hexslinger on July 10, 2023.
             Slain by an orc
             ... wielding a +0 morningstar
              (9 damage)
             ... on level 3 of the Dungeon.
             The game lasted 00:00:59 (2301 turns).

qw the Shooter (Gargoyle Hexslinger)                Turns: 2301, Time: 00:00:59

Health: -3/26      AC: 12    Str: 12    XL:     4   Next: 84%
Magic:  5/5        EV: 10    Int: 13    God:
Gold:   282        SH:  0    Dex: 14    Spells: 4/5 levels left

rFire   + . .        Y - +1 sling
rCold   . . .        (no shield)
rNeg    + . .        a - +0 ring mail {rF+}
rPois   inf          (no helmet)
rElec   +            (no cloak)
rCorr   +            (no gloves)
SInv    .            (no boots)
Will    .....        (no amulet)
Stlth   +            b - +4 ring of protection
HPRegen 0.24/turn    c - ring of resist corrosion
MPRegen 0.09/turn

%: no passive effects
@: about to teleport
A: sickness immunity, AC +3, negative energy resistance 1, electricity
resistance, torment resistance 1, petrification resistance
a: no special abilities


You were on level 3 of the Dungeon.
You visited 1 branch of the dungeon, and saw 3 of its levels.

You collected 312 gold pieces.
You spent 30 gold pieces at shops.


Innate Abilities, Weirdness & Mutations

You are immune to sickness and miasma.
Your stone body is resilient. (AC +3)
You are immune to poison.
You resist negative energy. (rN+)
You are resistant to electric shocks. (rElec)
You are resistant to unholy torment.
You are immune to petrification.


   Skills:
 - Level 2.3 Fighting
 + Level 4.2 Ranged Weapons
 - Level 1.0 Armour
 - Level 1.5 Dodging
 - Level 1.0 Spellcasting
 - Level 2.6 Hexes


You had 4 spell levels left.
You knew the following spells:

 Your Spells              Type           Power      Damage    Failure   Level
a - Slow                  Hex            28%        N/A       22%         1

Your spell library contained the following spells:

 Spells                   Type           Power      Damage    Failure   Level
 Inner Flame              Hex/Fire       4%         N/A       73%         3
 Portal Projectile        Hex/Tloc       8%         N/A       73%         3
 Cause Fear               Hex            3%         N/A       91%         4

Inventory:

Hand Weapons
 Y - a +1 sling (weapon)
Armour
 a - a +0 ring mail of fire resistance (worn)
Jewellery
 b - a +4 ring of protection (left hand)
 c - a ring of resist corrosion (right hand)
 g - a ring of fire
Potions
 d - a potion of curing {unknown}
 e - a potion of might {unknown}
 h - a potion of lignification {unknown}
 i - a potion of magic {unknown}

Dungeon Overview and Level Annotations

Branches:
Dungeon (3/15)

Altars:
Kikubaaqudgha
Makhleb
Sif Muna
Trog
The Shining One

Shops:
D:2 *


Message History

The sling bullet hits the orc warrior but does no damage.
The orc warrior hits you but does no damage.
You shoot a sling bullet.
The sling bullet hits the orc warrior but does no damage.
You shoot a sling bullet. The sling bullet hits the orc warrior.
The orc warrior is moderately wounded.
The orc hits you with a +0 morningstar!
The orc warrior hits you with a +0 short sword.
You shoot a sling bullet. The sling bullet hits the orc warrior.
The orc warrior is moderately wounded.
The orc warrior hits you but does no damage.
The orc hits you but does no damage. Something hits you but does no damage.
You shoot a sling bullet. The sling bullet hits the orc warrior.
The orc warrior is heavily wounded.
The orc warrior hits you but does no damage.
The orc hits you but does no damage. Something hits you but does no damage.
You shoot a sling bullet.
The sling bullet barely misses the orc warrior.
The sling bullet hits the orc.
The orc is moderately wounded.
The orc warrior barely misses you. The orc hits you but does no damage.
Something hits you but does no damage.
You shoot a sling bullet.
The sling bullet hits the orc warrior but does no damage.
The orc warrior is heavily wounded.
The orc warrior hits you with a +0 short sword.
Something hits you but does no damage.
The orc warrior hits you but does no damage.
The orc hits you but does no damage. Something hits you but does no damage.
You shoot a sling bullet.
The sling bullet hits the orc warrior but does no damage.
The orc warrior is heavily wounded.
The orc warrior hits you with a +0 short sword.
The orc barely misses you. The orc hits you but does no damage.
Something hits you but does no damage.
2301 ||| READING scroll of teleportation.
As you read the scroll of teleportation, it crumbles to dust.
You feel strangely unstable. The orc warrior closely misses you.
The orc hits you with a +0 morningstar!
You die...

..... #.# ..# .....
#####.#...# .....
#.....#...# ..... #
#.###.#...#
#######.##.##..#...#
......#........#...
#####.####.##.##o.##.###
# #.# ##.....oo....... #
#.###..##.#o@## #
##.##).###.#...# #
#.....## #.#...#...# #
#..#### #.#.#.#...# #
##..# #.#.#.#...#
###...# #.#.#... #...#.#
#.#.#.. #.###.# #.#.#.#
..# #.# #.#.#.#


You could see an orc warrior and 3 orcs.

Vanquished Creatures
  4 adders
  A worm (D:3)
  2 dart slugs
  6 orcs (D:3)
  6 bats
  3 endoplasms
  A giant cockroach (D:3)
  6 goblins
  3 hobgoblins
  6 quokkas
  7 ball pythons
  3 frilled lizards
  3 kobolds
  5 rats
56 creatures vanquished.

Notes
Turn   | Place    | Note
-------+----------+-------------------------------------------
     0 | D:1      | qw the Gargoyle Hexslinger began the quest for the Orb.
     0 | D:1      | Reached XP level 1. HP: 12/12 MP: 2/2
     0 | D:1      | 0 ||| qw: Version: 0.3-a-52-g30416fa
     0 | D:1      | 0 ||| qw: Game counter: 5106
     0 | D:1      | 0 ||| qw: Melee chars always use a shield: true
     0 | D:1      | 0 ||| qw: God list: Okawaru
     0 | D:1      | 0 ||| qw: Allow faded altars: false
     0 | D:1      | 0 ||| qw: Do Orc after clearing Dungeon:15 true
     0 | D:1      | 0 ||| qw: Do second Lair branch before Depths: true
     0 | D:1      | 0 ||| qw: Lair rune preference: random
     0 | D:1      | 0 ||| qw: Goals: Normal
     0 | D:1      | 0 ||| PLANNING D:1-11
    99 | D:1      | 99 ||| FLEEEEING.
   107 | D:1      | 107 ||| FLEEEEING.
   137 | D:1      | Reached XP level 2. HP: 16/16 MP: 3/3
   186 | D:1      | Reached skill level 3 in Ranged Weapons
   797 | D:1      | 797 ||| UPGRADING to +0 leather armour.
   807 | D:1      | 807 ||| DROPPING +0 robe.
   808 | D:1      | 808 ||| READING scroll labelled NIOGRU TI DECH.
   809 | D:1      | 809 ||| READING scroll labelled COMNUTHURA.
   813 | D:1      | 813 ||| DROPPING scroll of poison.
   875 | D:2      | Reached XP level 3. HP: 17/21 MP: 4/4
   876 | D:2      | 876 ||| FLEEEEING.
  1002 | D:2      | 1002 ||| STAIRDANCE
  1018 | D:1      | 1018 ||| UPGRADING to +0 ring mail of fire resistance.
  1028 | D:1      | 1028 ||| DROPPING +0 leather armour.
  1029 | D:1      | 1029 ||| READING scroll labelled ZOYT ENUEMM.
  1113 | D:2      | Reached XP level 4. HP: 18/26 MP: 5/5
  1211 | D:2      | Found Jumeyhis's General Store.
  1218 | D:2      | 1218 ||| BUYING scroll of teleportation (30 gold).
  1218 | D:2      | Bought a scroll of teleportation for 30 gold pieces
  1595 | D:2      | 1595 ||| UPGRADING to +4 ring of protection.
  1596 | D:2      | 1596 ||| UPGRADING to ring of resist corrosion.
  1597 | D:2      | 1597 ||| READING scroll labelled MUPREM YKKIPE.
  1598 | D:2      | 1598 ||| READING scroll labelled QESERCH QABEXKU.
  1694 | D:3      | Found a glowing golden altar of the Shining One.
  1697 | D:3      | Found a bloodstained altar of Trog.
  1698 | D:3      | Found a shimmering blue altar of Sif Muna.
  1743 | D:3      | Reached skill level 4 in Ranged Weapons
  1815 | D:3      | Found a burning altar of Makhleb.
  1833 | D:3      | Reached skill level 1 in Armour
  2019 | D:3      | Found an ancient bone altar of Kikubaaqudgha.
  2287 | D:3      | Noticed an orc warrior
  2300 | D:3      | HP: 6/26 [orc warrior/+0 short sword (4)]
  2301 | D:3      | 2301 ||| READING scroll of teleportation.
  2301 | D:3      | Slain by an orc

Levels and vault maps discovered:
D:1:      sevenhm_arrival_forest_fort_small_6, layout_loops_ring, serial_bayou,
          serial_bayou_ford_a, serial_bayou_pond_a, serial_bayou_crossing,
          serial_bayou_pond_a
D:2:      layout_basic, serial_shops, shop
D:3:      layout_basic, mainiacjoe_overflow_24_doors,
          grunt_temple_overflow_open, amcnicky_altar_gilded,
          kennysheep_generic_room_4

Skill      XL: |  1  2  3  4 |
---------------+-------------+-----
Ranged Weapons | 3 4 |  4.2
Fighting       | 2 |  2.3
Armour         | 1 |  1.0
Dodging        | |  1.5
Spellcasting   | |  1.0
Hexes          | |  2.6

Action                     |  1- 3 |  4- 6 || total
---------------------------+-------+-------++-------
   Fire: Sling             |   120 |   119 ||   239
    Use: Scroll            |     3 |     3 ||     6
 Armour: Leather armour    |    12 |       ||    12
         Robe              |     3 |       ||     3
         Ring mail         |    12 |    54 ||    66
  Dodge: Dodged            |    40 |    50 ||    90

Table legend:
 A = Non-vault XP
 B = Vault XP
 C = Vault XP percentage of total XP
 D = Non-vault monster count
 E = Vault monster count
 F = Vault count percentage of total count
                 A         B        C        D         E       F
            +---------+---------+-------+---------+---------+-------
      Total |     152 |       0 |   0.0 |      56 |       0 |   0.0
            +---------+---------+-------+---------+---------+-------
        D:1 |      33 |       0 |   0.0 |      20 |       0 |   0.0
        D:2 |      67 |       0 |   0.0 |      18 |       0 |   0.0
        D:3 |      52 |       0 |   0.0 |      18 |       0 |   0.0
            +---------+---------+-------+---------+---------+-------
